Map: Acid Plant LE

Players

InZaNe

  • Race: Terran Terran
  • Spawn Location: 11:00

Neeb - Winner!

  • Race: Protoss Protoss
  • Spawn Location: 5:00

Event: WCS Valencia 2018

VOD

Have the link to the VOD?

Description

Time

  • Played on: July 12, 2018, 9:32 a.m.
  • Length: 8:11

All games in this series

Show
View Real Time Build Order
Export as new Build Order

InZaNe Terran 

Build Orders: Liberator Opening, Reaper Expand 

Get SALT Encoding   

  12  0:00  SCV  
  13  0:13  SCV  
  14  0:17  Supply Depot  
  14  0:25  SCV  
  15  0:38  SCV  
  15  0:40  Barracks  
  16  0:44  Refinery  
  16  0:50  SCV  
  17  1:02  SCV  
  18  1:15  SCV  
  19  1:27  Orbital Command  
  19  1:28  Reaper  
  20  1:42  Command Center  
  20  1:49  Supply Depot  
  20  1:54  SCV  
  20  2:01  Barracks Reactor  
  21  2:06  SCV  
  22  2:20  Command Center  
  22  2:23  SCV  
  23  2:35  SCV  
  24  2:37  Factory  
  24  2:39  Marine x2  
  26  2:47  SCV  
  26  2:49  Refinery  
  27  2:56  Orbital Command  
  27  2:57  Marine  
  28  2:59  SCV  
  28  3:04  Marine  
  30  3:11  SCV  
  31  3:16  Marine  
  32  3:22  Starport, Factory Tech Lab  
  32  3:23  SCV  
  32  3:24  SCV, Marine  
  35  3:35  Orbital Command  
  35  3:36  SCV x2  
  35  3:38  Marine  
  38  3:43  Siege Tank  
  38  3:46  Marine  
  38  3:48  SCV x2  
  43  3:49  Liberator  
  43  3:57  Marine  
  43  4:00  SCV  
  43  4:01  SCV x2  
  50  4:10  Bunker  
  50  4:12  SCV  
  50  4:13  SCV  
  50  4:14  Marine  
  53  4:17  Marine  
  53  4:18  SCV  
  53  4:22  Supply Depot x2  
  55  4:24  SCV  
  55  4:25  SCV  
  57  4:32  SCV, Barracks  
  57  4:33  Barracks  
  57  4:34  Siege Tank  
  61  4:41  Supply Depot  
  61  4:44  SCV  
  62  4:47  SCV x2  
  62  4:50  Marine x2  
  66  4:53  Medivac  
  66  4:56  SCV, Refinery  
  66  4:57  Refinery  
  66  4:59  SCV x2  
  71  5:03  Supply Depot  
  71  5:04  Engineering Bay  
  71  5:06  Engineering Bay  
  71  5:08  SCV  
  71  5:11  SCV x2  
  74  5:20  Marine  
  74  5:21  Supply Depot, Marine  
  75  5:23  Barracks Tech Lab  
  75  5:27  SCV x2  
  77  5:32  Barracks Tech Lab, Orbital Command  
  77  5:38  Marine x2  
  77  5:39  SCV x2  
  77  5:40  Starport Reactor  
  81  5:44  Barracks  
  81  5:45  Marine, Barracks  
  81  5:49  Viking  
  77  5:51  SCV x2  
  79  6:02  Marine x2  
  79  6:03  SCV, Marauder  
  79  6:04  SCV, Terran Infantry Weapons Level 1  
  84  6:06  Terran Infantry Armor Level 1  
  84  6:07  SCV  
  84  6:10  Combat Shields  
  83  6:20  Starport Reactor  
  83  6:21  SCV  
  83  6:22  SCV x2  
  86  6:28  Supply Depot x2  
  86  6:29  Supply Depot  
  86  6:34  SCV x3  
  89  6:40  Marauder x2  
  89  6:41  Marine x2  
  89  6:42  Barracks Tech Lab, Barracks Reactor  
  89  6:46  SCV x3  
  98  6:50  Refinery  
  98  6:51  Refinery  
  98  6:52  Siege Tank  
  101  6:56  Missile Turret  
  101  6:57  Medivac x2  
  101  6:58  SCV x3  
  108  7:01  Marauder x2  
  108  7:03  Concussive Shells, Marauder  
  108  7:06  Armory  
  108  7:07  Marine x2  
  116  7:10  SCV x3  
  116  7:13  Supply Depot  
  119  7:17  Factory  
  119  7:22  Marine x2  
  120  7:23  Marine  
  120  7:24  Marauder x2  
  120  7:29  Viking x2, Marine  
  124  7:34  Marine  
  115  7:40  Marine  
  115  7:41  Marine  
  115  7:43  SCV  
Show
View Real Time Build Order
Export as new Build Order

Neeb Protoss - Winner!

Build Orders: 1 Gate Expand, Colossus Rush 

Get SALT Encoding   

  12  0:00  Probe  
  13  0:12  Probe  
  14  0:17  Pylon  
  14  0:23  Probe  
  15  0:31  Probe  
  16  0:36  Gateway  
  16  0:41  Probe  
  16  0:42  Assimilator  
  17  0:53  Probe  
  18  1:05  Probe  
  19  1:17  Probe  
  20  1:24  Nexus  
  20  1:31  Cybernetics Core  
  20  1:34  Probe  
  21  1:42  Assimilator  
  21  1:46  Probe  
  22  1:49  Pylon  
  22  1:58  Probe  
  22  1:59  Adept  
  23  2:06  Probe  
  25  2:08  Warp Gate  
  25  2:15  Probe  
  26  2:21  Robotics Facility  
  29  2:32  Probe  
  29  2:33  Probe  
  31  2:41  Probe  
  31  2:44  Probe  
  31  2:50  Probe  
  33  2:56  Probe  
  35  2:59  Immortal  
  35  3:02  Probe  
  36  3:08  Probe  
  41  3:13  Pylon  
  41  3:14  Probe  
  41  3:16  Robotics Bay  
  40  3:20  Probe  
  40  3:27  Probe  
  44  3:28  Pylon  
  44  3:31  Observer  
  44  3:32  Assimilator  
  44  3:36  Probe, Assimilator  
  44  3:39  Probe  
  47  3:48  Warp Prism, Probe  
  47  3:51  Probe  
  49  4:00  Probe  
  49  4:02  Gateway  
  52  4:03  Probe  
  52  4:08  Pylon  
  51  4:12  Sentry, Probe  
  51  4:14  Colossus  
  51  4:15  Gateway, Probe  
  55  4:17  Gateway  
  55  4:25  Probe  
  55  4:30  Pylon, Extended Thermal Lance  
  62  4:38  Stalker  
  64  4:54  Probe x2  
  66  5:02  Pylon  
  66  5:05  Stalker x2  
  66  5:06  Probe  
  71  5:11  Colossus, Pylon  
  77  5:14  Probe  
  77  5:23  Nexus  
  77  5:25  Probe  
  77  5:26  Probe  
  79  5:37  Probe  
  79  5:38  Probe  
  79  5:41  Stalker  
  83  5:49  Probe  
  81  5:50  Colossus, Probe  
  82  6:00  Stalker x2  
  82  6:01  Stalker  
  90  6:05  Pylon  
  90  6:06  Pylon  
  90  6:09  Gravitic Drive  
  94  6:19  Pylon  
  94  6:23  Pylon  
  94  6:27  Stalker x3  
  94  6:29  Sentry  
  94  6:30  Pylon  
  94  6:31  Immortal  
  102  6:35  Probe x2  
  102  6:36  Colossus, Probe  
  105  6:47  Probe x2  
  105  6:48  Probe  
  108  6:56  Stalker  
  108  6:57  Adept x2, Stalker  
  108  6:59  Probe  
  117  7:04  Probe  
  118  7:13  Probe  
  118  7:14  Probe, Pylon  
  120  7:18  Assimilator  
  120  7:20  Probe  
  120  7:22  Assimilator  
  117  7:30  Observer, Stalker x4  
  117  7:32  Probe  
  127  7:43  Probe x2  
  127  7:48  Probe  
  124  7:54  Stalker x4  
  124  7:55  Probe  
  133  8:04  Forge x2  
  139  8:07  Twilight Council  
  139  8:10  Nexus  
Tags
 
Add a new tag
Caveats
  • Supply blocks, unpowered buildings, or Contaminate may cause inaccurate times.
  • Supply counts are checked every 10 seconds.